 Dungeon Crawl Stone Soup version 0.28.0 (webtiles) character file.

Game seed: 16997891864728403263

4746 pkoi the Cleaver (level 10, 0/80 HPs)
             Began as a Minotaur Gladiator on Feb 10, 2022.
             Was a Follower of Hepliaklqana.
             Killed from afar by an electric eel (12 damage)
             ... with a bolt of electricity
             ... on level 9 of the Dungeon.
             The game lasted 00:09:45 (8222 turns).

pkoi the Cleaver (Minotaur Gladiator)               Turns: 8222, Time: 00:09:46

Health: 0/80       AC: 10    Str: 28    XL:     10   Next: 22%
Magic:  11/11      EV: 10    Int:  5    God:    Hepliaklqana [*.....]
Gold:   537        SH:  0    Dex: 13    Spells: 9/9 levels left

rFire   . . .      SeeInvis .   a - +0 war axe (spect)
rCold   . . .      Faith    .   (no shield)
rNeg    + . .      Spirit   .   y - +0 chain mail
rPois   .          Reflect  .   c - +0 hat
rElec   .          Harm     .   (no cloak)
rCorr   .          Rampage  .   (no gloves)
Will    .....                   (no boots)
Stlth   ..........              s - amulet of regeneration
HPRegen 1.03/turn               o - +6 ring of strength
MPRegen 0.12/turn               n - ring of positive energy

@: very slow
A: reduced essence, horns 2, retaliatory headbutt
a: Renounce Religion, Recall Ancestor, Ancestor Identity


You were on level 9 of the Dungeon.
You worshipped Hepliaklqana.
Hepliaklqana was aware of your devotion.
You visited 2 branches of the dungeon, and saw 10 of its levels.
You also visited: Sewer.

You collected 642 gold pieces.
You spent 105 gold pieces at shops.

Inventory:

Hand Weapons
 a - a +0 spectral war axe (weapon)
 A - a +4 dagger of venom
Missiles
 d - 3 throwing nets
 r - 7 poisoned darts (quivered)
 u - 5 curare-tipped darts
Armour
 c - a +0 hat (worn)
 y - a +0 chain mail (worn)
Jewellery
 n - a ring of positive energy (right hand)
 o - a +6 ring of strength (left hand)
 s - an amulet of regeneration (around neck)
Wands
 k - a wand of acid (4)
 D - a wand of polymorph (10)
 E - a wand of iceblast (7)
Scrolls
 h - 2 scrolls of magic mapping
 j - 3 scrolls of teleportation
 l - 4 scrolls of fog
 p - 3 scrolls of identify
 q - 5 scrolls of blinking
 x - a scroll of brand weapon
 B - a scroll of enchant armour {unknown}
 C - a scroll of fear
Potions
 b - 3 potions of might {unknown}
 e - 3 potions of heal wounds
 f - 2 potions of brilliance
 g - 2 potions of mutation
 i - a potion of berserk rage
 m - a potion of ambrosia
 t - a potion of resistance {unknown}
 v - 4 potions of curing
 w - a potion of attraction {unknown}
 z - a potion of magic {unknown}
 F - a potion of degeneration {unknown}


   Skills:
 + Level 8.3 Fighting
 * Level 13.1 Axes
 - Level 2.0 Throwing
 + Level 7.9 Armour
 - Level 3.2 Dodging
 + Level 3.6 Invocations
 + Level 2.4 Evocations


You had 9 spell levels left.
You didn't know any spells.
Your spell library contained the following spells:

 Spells                   Type           Power      Damage    Failure   Level
 Stone Arrow              Conj/Erth      0%         3d7       100%        3
 Airstrike                Air            0%         N/A       100%        4
 Animate Armour           Summ/Erth      0%         N/A       100%        4
 Hailstorm                Conj/Ice       0%         3d3       100%        4
 Ice Form                 Ice/Tmut       0%         N/A       100%        4
 Summon Lightning Spire   Summ/Air       0%         N/A       100%        4
 Lightning Bolt           Conj/Air       0%         1d11      100%        5
 Simulacrum               Ice/Necr       0%         N/A       100%        6
 Lehudib's Crystal Spear  Conj/Erth      0%         10d2      100%        8


Dungeon Overview and Level Annotations

Branches:
Dungeon (9/15)             Temple (1/1) D:5           Sewer (visited)
   Lair: D:8-11         Orc: D:9-12

Altars:
Ashenzari
Dithmenos
Elyvilon
Fedhas
Gozag
Hepliaklqana
Kikubaaqudgha
Makhleb
Nemelex Xobeh
Qazlal
Ru
Sif Muna
Trog
Uskayaw
Xom
Yredelemnul
Zin
The Shining One
Lugonu

Shops:
D:6 ?

Portals:
Abyss: D:5

Annotations:
D:5 2 runed translucent doors, Pikel
D:7 1 runed translucent door


Innate Abilities, Weirdness & Mutations

Your life essence is reduced to manifest your ancestor. (-10% HP)
You have a pair of horns on your head.
You reflexively headbutt those who attack you in melee.


Message History

Your +0 spectral war axe barely misses the orc.
You hear a splashing noise.
The orc splashes around in the water.
The orc misses your +0 spectral war axe.
Your unstable footing causes you to fumble your attack.
Something hits you.
* * * LOW HITPOINT WARNING * * *
Something burns you.
* * * LOW HITPOINT WARNING * * *
The orc splashes around in the water.
Unknown command.
The orc hits you but does no damage.
A yak comes into view.
You hear a splashing noise.
The orc hits you with a +0 trident.
* * * LOW HITPOINT WARNING * * *
The orc hits you but does no damage. Something hits you.
* * * LOW HITPOINT WARNING * * *
Something burns you.
* * * LOW HITPOINT WARNING * * *
The yak moves out of view.
Unknown command.
You hit the electric eel but do no damage.
You headbutt the electric eel, but do no damage.
The electric eel is moderately wounded.
You hit the orc.
You kill the orc!
You hear a splash.
You barely miss the orc. You closely miss something.
Your +0 spectral war axe hits the orc!
You kill the orc!
You hear a splash.
Your +0 spectral war axe hits something.
You hear a splash. x2
Reactivating autopickup.
You feel a bit more experienced.
Your unstable footing causes you to fumble your attack.
The electric eel shoots out a bolt of lightning at you!
The bolt of electricity hits you!
You die...

...........#
...........#
##########.# # #.#
#. #)#
#..##############)#
.........≈≈≈≈≈≈≈).#
.>...≈))§≈#≈##≈.≈.#
#≈≈≈≈@)###≈≈≈≈..#
≈≈≈≈####S≈≈≈####..#
# #≈≈≈##### ##.#
≈≈≈h############.#
.. ............#
......PPP...#
......P.....#
.#####P...P.#
#P...P.#


You could see an electric eel.

Vanquished Creatures
  A death knight (D:8)
  Maurice (D:8)
  Psyche (D:8)
  A shadow (D:7)
  Eustachio (D:5)
  Sigmund (D:5)
  3 water moccasins
  3 orc warriors
  2 ice beasts (D:7)
  A black bear (D:5)
  3 necrophages
  2 ogres
  2 centaurs (D:6)
  A phantom (D:5)
  5 bullfrogs
  A wyvern zombie (D:6)
  3 scorpions (D:6)
  3 wights (D:9)
  2 centaur zombies
  3 bullfrog zombies (D:6)
  A jelly (D:6)
  6 orc priests
  2 hounds
  4 iguanas
  4 orc wizards
  A killer bee zombie (D:7)
  A hound skeleton (D:5)
  8 adders
  A shadow imp (D:5)
  2 white imps
  2 ufetubi
  3 worms
  5 dart slugs
  27 orcs
  8 ball pythons
  9 endoplasms
  8 giant cockroaches
  4 goblins
  2 hobgoblins
  5 jackals (D:1)
  12 quokkas
  3 bats (D:2)
  10 frilled lizards
  6 kobolds
  3 rats
177 creatures vanquished.

Vanquished Creatures (collateral kills)
  A centaur zombie (D:7)
  An orc (D:7)
2 creatures vanquished.

Vanquished Creatures (others)
  3 ancestors
  An orc (D:9)
  2 fungi (D:2)
  17 plants
  4 toadstools (D:9)
27 creatures vanquished.

Grand Total: 206 creatures vanquished

Notes
Turn   | Place    | Note
-------+----------+-------------------------------------------
     0 | D:1      | pkoi the Minotaur Gladiator began the quest for the Orb.
     0 | D:1      | Reached XP level 1. HP: 18/18 MP: 0/0
   208 | D:1      | Reached skill level 4 in Axes
   352 | D:1      | Reached XP level 2. HP: 25/25 MP: 1/1
   818 | D:2      | Reached skill level 5 in Axes
  1040 | D:2      | Reached XP level 3. HP: 27/30 MP: 2/2
  1127 | D:2      | Found a faded altar of an unknown god.
  1748 | D:3      | Found a glowing drain.
  1767 | D:3      | Reached skill level 6 in Axes
  1767 | D:3      | Reached XP level 4. HP: 12/37 MP: 3/3
  1956 | Sewer    | Entered a sewer
  2201 | Sewer    | Reached XP level 5. HP: 38/42 MP: 4/4
  2291 | Sewer    | Reached skill level 7 in Axes
  2297 | Sewer    | Reached skill level 1 in Armour
  2298 | Sewer    | Reached XP level 6. HP: 33/51 MP: 5/5
  2634 | D:3      | Found a sacrificial altar of Ru.
  3165 | D:3      | Found a basalt altar of Yredelemnul.
  3454 | D:4      | Reached skill level 8 in Axes
  3613 | D:4      | Found a stormy altar of Qazlal.
  3782 | D:5      | Entered Level 5 of the Dungeon
  3828 | D:5      | Reached XP level 7. HP: 53/59 MP: 6/6
  4005 | D:5      | Noticed Eustachio
  4020 | D:5      | Killed Eustachio
  4021 | D:5      | Reached skill level 9 in Axes
  4421 | D:5      | Found a sparkling altar of Nemelex Xobeh.
  4452 | D:5      | Found a burning altar of Makhleb.
  4500 | D:5      | Found a staircase to the Ecumenical Temple.
  4556 | D:5      | Reached skill level 5 in Fighting
  4579 | Temple   | Entered the Ecumenical Temple
  4651 | Temple   | Became a worshipper of Hepliaklqana the Forgotten
  4824 | D:5      | Reached XP level 8. HP: 63/68 MP: 7/7
  5069 | D:6      | Found Weiwn's Magic Scroll Emporium.
  5163 | D:5      | Noticed Sigmund
  5169 | D:5      | Killed Sigmund
  5170 | D:5      | Reached skill level 10 in Axes
  5179 | D:5      | Found a large runed translucent door.
  5179 | D:5      | Noticed Pikel
  5180 | D:5      | Found a large runed translucent door.
  5181 | D:5      | Found a corrupted altar of Lugonu.
  5307 | D:5      | Found a one-way gate to the infinite horrors of the Abyss.
  5406 | D:6      | Bought a scroll of blinking for 75 gold pieces
  5406 | D:6      | Bought a scroll of teleportation for 30 gold pieces
  5412 | D:6      | Reached skill level 5 in Armour
  5476 | D:6      | Found a glowing golden altar of the Shining One.
  5899 | D:6      | Reached skill level 11 in Axes
  6266 | D:6      | Reached XP level 9. HP: 71/78 MP: 8/8
  6455 | D:7      | Found a runed translucent door.
  6455 | D:7      | Noticed a sixfirhy
  6486 | D:7      | Reached * piety under Hepliaklqana
  6503 | D:7      | Reached skill level 1 in Invocations
  6586 | D:7      | Reached skill level 12 in Axes
  6681 | D:7      | Found a bloodstained altar of Trog.
  6916 | D:8      | Reached skill level 1 in Evocations
  6998 | D:8      | Noticed Maurice
  7003 | D:8      | Killed Maurice
  7106 | D:8      | Noticed Psyche
  7117 | D:8      | Killed Psyche
  7371 | D:8      | Found a broken altar of Ashenzari.
  7509 | D:8      | Noticed a death knight
  7513 | D:8      | Reached XP level 10. HP: 77/79 MP: 11/11
  7594 | D:8      | Killed a death knight
  7595 | D:8      | Reached skill level 13 in Axes
  7878 | D:9      | Found a shimmering blue altar of Sif Muna.
  8222 | D:9      | Killed from afar by an electric eel

Illustrated notes

Levels and vault maps discovered:
D:1:      lightli_arrival_lavapool, layout_loops_ring
D:2:      layout_basic, shapermc_ecumenical_altar_mp_urbaneastern,
          nrook_mini_vaults
D:3:      layout_basic, lemuel_coloured_pillars_altar,
          mainiacjoe_overflow_cross_hatched, gup_sewer_entry_glass,
          feat_on_display
D:4:      layout_cave_pools, nicolae_qazlal_eye_of_the_storm, eino_curves_03
D:5:      due_chaos_kobolds, layout_layer_cave, mainiacjoe_overflow_two_lobes,
          minmay_temple_entry_statues_fountains, uniq_eustachio, uniq_sigmund,
          uniq_pikel
D:6:      minmay_chambers_of_threes, layout_loops_cross,
          mainiacjoe_overflow_concentric_impassable, serial_shops, shop
D:7:      cheibrodos_shockbox, layout_cave_pools,
          mainiacjoe_overflow_six_doors_small
D:8:      layout_loops_ring, nicolae_overflow_hidden_temple, uniq_psyche,
          uniq_maurice
D:9:      hellmonk_warped_wall, layout_long_grid, mainiacjoe_overflow_catwalk,
          mainiacjoe_overflow_alcove_4, serial_ice, serial_ice_b, serial_ice_j,
          serial_ice_c, serial_ice_n, minmay_gold_behind_fungi
Temple:   dpeg_three_leaves_temple

Skill      XL: |  1  2  3  4  5  6  7  8  9 10 |
---------------+-------------------------------+-----
Axes           | 4 5 6 7 8 9 11 12 13 | 13.1
Armour         | 1 3 4 6 7 |  7.9
Fighting       | 3 4 5 6 8 |  8.3
Invocations    | 3 |  3.6
Evocations     | 1 2 |  2.4
Throwing       | |  2.0
Dodging        | |  3.2

Action                   |  1- 3 |  4- 6 |  7- 9 | 10-12 || total
-------------------------+-------+-------+-------+-------++-------
Melee: War axe           |    82 |    69 |   128 |    30 ||   309
       Headbutt          |    10 |     6 |    23 |     3 ||    42
       Punch             |       |     2 |     1 |     1 ||     4
Invok: Ancestor Identity |       |       |     1 |       ||     1
Evoke: Wand              |       |       |       |     2 ||     2
  Use: Scroll            |     1 |     9 |     1 |     1 ||    12
       Potion            |       |     6 |       |       ||     6
 Stab: Sleeping          |     1 |       |       |       ||     1
       Distracted        |       |     1 |       |     1 ||     2
Armor: Leather armour    |    29 |    11 |     2 |       ||    42
       Skin              |       |    10 |     3 |       ||    13
       Chain mail        |       |       |    39 |     6 ||    45
Dodge: Dodged            |    49 |    42 |    56 |     8 ||   155
